[Event "FIDE Women World Blitz 2021"]
[Site "Warsaw"]
[Date "2021.12.30"]
[Round "11.8"]
[White "Maltsevskaya, Aleksandra"]
[Black "Muzychuk, Anna"]
[Result "0-1"]
[ECO "C77"]
[WhiteElo "2411"]
[BlackElo "2533"]
[Annotator "ChessBase"]
[PlyCount "74"]
[EventDate "2021.12.29"]
[EventType "swiss"]
[EventCountry "POL"]
[Tiebreak "Cut1 Buchholz"]
[SourceTitle "playchess.com"]
[Source "ChessBase"]
[SourceQuality "1"]
[TimeControl "180+2"]

1. e4 e5 2. Nf3 Nc6 3. Bb5 a6 4. Ba4 Nf6 5. Nc3 b5 6. Bb3 Bc5 7. d3 h6 8. Bd2 d6 9. a4 Bg4 10. axb5 Nd4 11. h3 Bxf3 12.
gxf3 axb5 13. Rxa8 Qxa8 14. Be3 c6 15. Bxd4 Bxd4 16. O-O Nh5 17.
Ne2 Qd8 18. c3 Bb6 19. Kh2 Qf6 20. f4 Nxf4 21. Nxf4 Qxf4+ 22. Kg2 O-O 23. Qg4 Qd2 24. Qd7 Qxd3 25. Qxc6 Bc5 26. Qd5 Qe2 27. Qd1 Qxe4+ 28. Qf3 Qxf3+ 29. Kxf3 Ra8 30. Ke4 Kf8 31. f4 exf4 32. Rxf4 f6 33. Kd5 Re8 34. Rf1 Re2 35. Ra1 Rxb2 36. Bd1 Kf7 37. Bh5+ g6 0-1

[Event "FIDE Women World Blitz 2021"]
[Site "Warsaw"]
[Date "2021.12.30"]
[Round "11.8"]
[White "Jakubowska, Anna"]
[Black "Budkiewicz, Magdalena"]
[Result "1/2-1/2"]
[ECO "B24"]
[WhiteElo "2106"]
[BlackElo "1624"]
[Annotator "NA"]
[PlyCount "94"]
[EventDate "2021.12.29"]
[EventType "swiss"]
[EventCountry "POL"]
[Tiebreak "Cut1 Buchholz"]
[SourceTitle "playchess.com"]
[Source "ChessBase"]
[SourceQuality "1"]
[TimeControl "180+2"]

1. e4 c5 2. Nc3 d6 3. g3 Nf6 4. Bg2 e6 5. d3 Be7 6. f4 Nc6 7. Nf3 O-O 8. O-O Rb8 9. d4 cxd4 10. Nxd4 Bd7 11. Be3 a6 12. g4 Nxd4 13. Bxd4 Bc6 14. g5 Nd7 15. a4 Nc5 16. Qe2 Qd7 17. b3 Qc7 18. b4 Nd7 19. b5 e5 20.
fxe5 dxe5 21. Be3 Bxb5 22.
axb5 Qxc3 23. bxa6 bxa6 24. Rxa6 Rb2 25. Ra7 Rxc2 26. Qe1 Qxe3+ 27. Qxe3 Bc5 28. Qxc5 Nxc5 29. Rc7 Rc3 30. Ra7 Nd3 31. Rf3 Rc1+ 32. Bf1 Nf4 33. Re7 Ng6 34. Ra7 Re1 35. Ra4 Rc8 36. Ra7 Rf8 37. Ra4 h6 38. gxh6 gxh6 39. Kf2 Rb1 40. Bc4 Rb2+ 41. Kg3 Nf4 42. Ra5 Re8 43. Ra7 Rf8 44. Ra5 Re8 45. Ra7 Rf8 46. Ra5 Re8 47. Ra7 Rf8 1/2-1/2

[Event "FIDE Women World Blitz 2021"]
[Site "Warsaw"]
[Date "2021.12.30"]
[Round "11.9"]
[White "Babiy, Olga"]
[Black "Paehtz, Elisabeth"]
[Result "1-0"]
[ECO "B07"]
[WhiteElo "2179"]
[BlackElo "2485"]
[Annotator "ChessBase"]
[PlyCount "107"]
[EventDate "2021.12.29"]
[EventType "swiss"]
[EventCountry "POL"]
[Tiebreak "Cut1 Buchholz"]
[SourceTitle "playchess.com"]
[Source "ChessBase"]
[SourceQuality "1"]
[TimeControl "180+2"]

1. d4 Nf6 2. Nf3 g6 3. Nbd2 Bg7 4. e4 d6 5. Bb5+ c6 6. Bd3 O-O 7. O-O Qc7 8. c3 e5 9. h3 Nh5 10. dxe5 dxe5 11. Nc4 b5 12. Ne3 Nf4 13. Nc2 Nd7 14. Bxf4 exf4 15. Ncd4 Nc5 16. Bc2 Rb8 17. a3 Ne6 18. Qe2 h6 19. e5 Nxd4 20. cxd4 Be6 21. Nd2 Qd7 22. Nf3 a5 23. Rfd1 a4 24. Rac1 Bd5 25. Be4 Bc4 26. Bd3 Be6 27. Be4 Rfc8 28. Qd2 g5 29. Rc3 Bd5 30. Bxd5 Qxd5 31. Rc5 Qe6 32. Rdc1 Bf8 33. R5c2 b4 34. axb4 Qd5 35. Qd3 Rxb4 36. Qf5 Rbb8 37. h4 gxh4 38. Qxf4 Be7 39. Qxh6 Qe6 40. Qf4 Rb4 41. Nxh4 Bxh4 42. Qxh4 Rbb8 43. Qg5+ Kf8 44. Qf4 Ke8 45. Qe4 Kd7 46. Qe3 Rb5 47. Qa3 Rg8 48. Rxc6 Qxc6 49. Rxc6 Kxc6 50. Qd6+ Kb7 51. Qd7+ Ka6 52. Qxf7 Rc8 53. Qe6+ Kb7 54. Qd7+ 1-0

[Event "FIDE Women World Blitz 2021"]
[Site "Warsaw"]
[Date "2021.12.30"]
[Round "11.9"]
[White "Goraj, Barbara"]
[Black "Zabrzanska, Weronika"]
[Result "1-0"]
[ECO "A14"]
[WhiteElo "1902"]
[BlackElo "1596"]
[Annotator "NA"]
[PlyCount "80"]
[EventDate "2021.12.29"]
[EventType "swiss"]
[EventCountry "POL"]
[Tiebreak "Cut1 Buchholz"]
[SourceTitle "playchess.com"]
[Source "ChessBase"]
[SourceQuality "1"]
[TimeControl "180+2"]

1. c4 e6 2. Nf3 d5 3. g3 Nf6 4. Bg2 Be7 5. O-O O-O 6. b3 c5 7. Bb2 Nc6 8. e3 Rb8 9. Nc3 b6 10. cxd5 Nxd5 11. Nxd5 exd5 12. d4 Qd6 13. Qe2 Bg4 14. h3 Bh5 15. Qd2 Rfd8 16. Rac1 Rbc8 17. Ba3 Bxf3 18. Bxf3 Qf6 19. Bg4 Ra8 20. dxc5 Ne5 21. Qd4 g6 22. Be2 Qe6 23. Kh2 Rac8 24. b4 a5 25. cxb6 axb4 26. Bb2 Bf6 27. Qxb4 Rb8 28. Bd4 Nc6 29. Rxc6 Qxc6 30. Rb1 Qd6 31. Qb2 Bxd4 32. Qxd4 Rd7 33. a4 Rdb7 34. a5 Kf8 35. Ba6 Qa3 36. Bxb7 Rxb7 37. Qh8+ Ke7 38. Qc8 Rd7 39. b7 Qa2 40. Rf1 Qe2 1-0

[Event "FIDE Women World Blitz 2021"]
[Site "Warsaw"]
[Date "2021.12.30"]
[Round "11.10"]
[White "Kamalidenova, Meruert"]
[Black "Injac, Teodora"]
[Result "0-1"]
[ECO "C88"]
[WhiteElo "2339"]
[BlackElo "2387"]
[Annotator "NA"]
[PlyCount "74"]
[EventDate "2021.12.29"]
[EventType "swiss"]
[EventCountry "POL"]
[Tiebreak "Cut1 Buchholz"]
[SourceTitle "playchess.com"]
[Source "ChessBase"]
[SourceQuality "1"]
[TimeControl "180+2"]

1. e4 e5 2. Nf3 Nc6 3. Bb5 a6 4. Ba4 Nf6 5. O-O Be7 6. Re1 b5 7. Bb3 O-O 8. a4 Bb7 9. d3 d6 10. Bd2 Qd7 11. Nc3 Na5 12. Ba2 b4 13.
Ne2 c5 14. Ng3 h6 15. Nf5 Rfc8 16. Bxh6 gxh6 17. Nxh6+ Kg7 18. Qd2 Nh7 19. Nxf7 b3 20. Qh6+ Kxf7 21. Qxh7+ Ke8 22. cxb3 Nc6 23. b4 Nxb4 24. Qg6+ Kd8 25. Be6 Qe8 26. Bf7 Qh8 27. Red1 Kc7 28. Qe6 Qf6 29. Qb3 Rf8 30. Be6 Qg7 31. Kh1 Rf4 32. Rac1 Rh8 33. Qxb4 Rxf3 34. gxf3 Qh6 35. h3 Qxe6 36. h4 Qh3+ 37. Kg1 Rg8# 0-1

[Event "FIDE Women World Blitz 2021"]
[Site "Warsaw"]
[Date "2021.12.30"]
[Round "11.10"]
[White "Zairbek kyzy, Begimai"]
[Black "Rudzinska, Michalina"]
[Result "0-1"]
[ECO "B21"]
[WhiteElo "1701"]
[BlackElo "1832"]
[Annotator "NA"]
[PlyCount "66"]
[EventDate "2021.12.29"]
[EventType "swiss"]
[EventCountry "POL"]
[Tiebreak "Cut1 Buchholz"]
[SourceTitle "playchess.com"]
[Source "ChessBase"]
[SourceQuality "1"]
[TimeControl "180+2"]

1. e4 c5 2. d4 cxd4 3. c3 d3 4. Bxd3 d6 5. c4 Nf6 6. Nc3 a6 7. h3 Nc6 8. Nf3 e6 9. O-O Be7 10. Be3 O-O 11. Qe2 Ne5 12. Rac1 Qc7 13.
Na4 Nfd7 14. Bb1 Qc6 15. b3 Nxf3+ 16. Qxf3 Nc5 17. Nc3 Bf6 18. b4 Nd7 19. Qe2 Ne5 20. c5 dxc5 21. Bxc5 Rd8 22. f4 Nd7 23. e5 Nxc5 24. bxc5 Qxc5+ 25. Kh1 Be7 26. Ne4 Qb5 27. Qh5 g6 28. Qg4 Bd7 29. h4 Bc6 30. Ng5 Rd2 31. Ne4 Rb2 32. h5 Qe2 33. Nc3 Qxg4 0-1

[Event "FIDE Women World Blitz 2021"]
[Site "Warsaw"]
[Date "2021.12.30"]
[Round "11.11"]
[White "Efroimski, Marsel"]
[Black "Bodnaruk, Anastasia"]
[Result "0-1"]
[ECO "B50"]
[WhiteElo "2419"]
[BlackElo "2396"]
[Annotator "NA"]
[PlyCount "120"]
[EventDate "2021.12.29"]
[EventType "swiss"]
[EventCountry "POL"]
[Tiebreak "Cut1 Buchholz"]
[SourceTitle "playchess.com"]
[Source "ChessBase"]
[SourceQuality "1"]
[TimeControl "180+2"]

1. e4 c5 2. Nf3 d6 3. Nc3 a6 4. e5 dxe5 5. Nxe5 Nf6 6. g3 e6 7. Bg2 Be7 8. a4 O-O 9. a5 Nbd7 10. Nc4 Qc7 11. d3 h6 12. Qe2 e5 13. O-O Re8 14. f4 Bd6 15.
f5 Rb8 16. Ne4 Nxe4 17. Bxe4 Nf6 18. Nb6 Bd7 19. Nxd7 Qxd7 20. Bd2 c4 21. Bc3 Bc5+ 22. Kh1 cxd3 23. Qxd3 Qc7 24. Bg2 Rbd8 25. Qc4 Qe7 26. Rae1 Bd4 27. Bxd4 Rxd4 28. Qxd4
exd4 29. Rxe7 Rxe7 30. Rd1 Rd7 31. Rd3 h5 32. h3 Rc7 33. Rxd4 Rxc2 34. Rb4 Rc5 35. Rxb7 Rxa5 36. Ra7 Rb5 37. Rxa6 Rxb2 38. Ra8+ Kh7 39. Ra7 Rf2 40. Rxf7 Rxf5 41. Be4 Nxe4 42. Re7 Nxg3+ 43. Kg2 h4 44. Rc7 Rb5 45. Rc4 g5 46. Rc7+ Kh6 47. Kf3 Rf5+ 48. Kg2 Ne2 49. Rc8 Nf4+ 50. Kh2 Re5 51. Rh8+ Kg7 52. Ra8 Re2+ 53. Kg1 Nxh3+ 54. Kf1 Rf2+ 55. Ke1 Rf5 56. Ra3 Nf4 57. Kf1 g4 58. Kg1 g3 59. Ra4 h3 60. Ra3 Ne2+ 0-1

[Event "FIDE Women World Blitz 2021"]
[Site "Warsaw"]
[Date "2021.12.30"]
[Round "11.11"]
[White "Brambilla, Renee Blandy T."]
[Black "Katkov, Michelle"]
[Result "0-1"]
[ECO "E12"]
[WhiteElo "1651"]
[BlackElo "1651"]
[Annotator "NA"]
[PlyCount "122"]
[EventDate "2021.12.29"]
[EventType "swiss"]
[EventCountry "POL"]
[Tiebreak "Cut1 Buchholz"]
[SourceTitle "playchess.com"]
[Source "ChessBase"]
[SourceQuality "1"]
[TimeControl "180+2"]

1. d4 Nf6 2. c4 e6 3. Nf3 b6 4. Bg5 Bb7 5. e3 h6 6. Bh4 Be7 7. Be2 O-O 8. O-O c5 9. Nc3 cxd4 10. Nxd4 Nc6 11. Bf3 Qb8 12. Nxc6 Bxc6 13. Bxc6 dxc6 14. Qc2 Rd8 15. Rad1 Qb7 16. Bg3 a5 17. b3 b5 18. Ne2 a4 19. Rxd8+ Bxd8 20. Rd1 Be7 21. h3 axb3 22. axb3 Qa6 23. Nd4 bxc4 24. Qxc4 c5 25. Ne2 Qxc4 26. bxc4 Ra4 27. Rc1 Ne4 28. Nc3 Rxc4 29. Be5 f6 30. Ra1 Nxc3 31. Ra8+ Kf7 32. Bf4 Ne2+ 33. Kh2 Nxf4 34. exf4 Rxf4 35. Kg3 Rd4 36. Rc8 c4 37. Kf3 g5 38. Ke3 e5 39. g3 f5 40. f3 Rd3+ 41. Ke2 Rc3 42. Rc7 Ke6 43. Kd2 Rxf3 44. Rxc4 Rxg3 45. Rc6+ Bd6 46. Ke2 e4 47. Kf2 Rxh3 48. Kg2 Rg3+ 49. Kf2 f4 50. Ke2 Kd5 51. Ra6 Rg2+ 52. Kd1 f3 53. Ra5+ Bc5 54. Ke1 e3 55. Kf1 e2+ 56. Ke1 Rg1+ 57. Kd2 Rd1+ 58. Kc2 e1=Q 59. Rxc5+ Kxc5 60. Kb2 Qd2+ 61. Kb3 Rb1+ 0-1

[Event "FIDE Women World Blitz 2021"]
[Site "Warsaw"]
[Date "2021.12.30"]
[Round "11.12"]
[White "Gaponenko, Inna"]
[Black "Lagno, Kateryna"]
[Result "0-1"]
[ECO "C68"]
[WhiteElo "2339"]
[BlackElo "2550"]
[Annotator "ChessBase"]
[PlyCount "87"]
[EventDate "2021.12.29"]
[EventType "swiss"]
[EventCountry "POL"]
[Tiebreak "Cut1 Buchholz"]
[SourceTitle "playchess.com"]
[Source "ChessBase"]
[SourceQuality "1"]
[TimeControl "180+2"]

1. e4 e5 2. Nf3 Nc6 3. Bb5 a6 4. Bxc6 dxc6 5. O-O Qf6 6.
d4 exd4 7. Bg5 Qd6 8. Nxd4 Be7 9. Bxe7 Nxe7 10. Nc3 Bd7 11. Qd2 c5 12. Nb3 Qxd2 13. Nxd2 f6 14. Nb3 b6 15. Rad1 O-O-O 16. Nd5 Nxd5 17. Rxd5 Bc6 18. Rxd8+ Rxd8 19. f3 a5 20. Rf2 a4 21. Nd2 b5 22. Kf1 Kb7 23. Ke2 Kb6 24. c4 Rd4 25. b3 Bd7 26. Ke3 Be6 27. cxb5 Kxb5 28. bxa4+ Rxa4 29. Nb1 Kc6 30. Nc3 Ra3 31. Kd3 Kd6 32. Rb2 Bc8 33.
g3 Ba6+ 34. Kd2 Ke5 35. Rb8 Bc4 36. Re8+ Kd6 37. Rd8+ Ke7 38. Rc8 Kd7 39. Rh8 h6 40. Rh7 Bxa2 41. Rxg7+ Ke6 42. Nb5 Rxf3 43. Nxc7+ Ke5 44. Na6 0-1

[Event "FIDE Women World Blitz 2021"]
[Site "Warsaw"]
[Date "2021.12.30"]
[Round "11.12"]
[White "Da Silva, Cibele Florencio"]
[Black "Heredia Serrano, Carla"]
[Result "1/2-1/2"]
[ECO "B27"]
[WhiteElo "1405"]
[BlackElo "2138"]
[Annotator "NA"]
[PlyCount "147"]
[EventDate "2021.12.29"]
[EventType "swiss"]
[EventCountry "POL"]
[Tiebreak "Cut1 Buchholz"]
[SourceTitle "playchess.com"]
[Source "ChessBase"]
[SourceQuality "1"]
[TimeControl "180+2"]

1. e4 c5 2. Nc3 g6 3. Nf3 Bg7 4. Bc4 e6 5. Rb1 Ne7 6. d3 O-O 7. Be3 d5 8.
exd5 exd5 9. Bxd5 Nxd5 10. Nxd5 Qxd5 11. b3 Bc3+ 12. Bd2 Re8+ 13. Kf1 Bg7 14. Be3 Bg4 15. c4 Qc6 16. h3 Bxf3 17. Qxf3 Rd8 18. Rd1 Qxf3 19. gxf3 b6 20. Bg5 Rd7 21. Kg2 Nc6 22. Rhe1 h6 23. Bf4 Rad8 24. Re3 g5 25. Bg3 Nb4 26. Rd2 Rxd3 27. Rexd3 Rxd3 28. Rxd3 Nxd3 29. Bb8 a6 30. Bc7 b5 31. cxb5 axb5 32. Bd6 c4 33. bxc4 bxc4 34. Ba3 c3 35. Kf1 c2 36. Ke2 c1=Q 37. Bxc1 Nxc1+ 38. Ke3 Nxa2 39. Ke4 Nc3+ 40. Kd3 Nd5 41. Ke4 Nf4 42. Kf5 Nxh3 43. Kg4 Nxf2+ 44. Kg3 Bd4 45. f4 gxf4+ 46. Kxf4 Kg7 47. Kg3 Kg6 48. Kg2 Kg5 49. Kg3 f5 50. Kf3 Ne4 51. Kg2 f4 52. Kf3 h5 53. Kg2 Kg4 54. Kh2 Be5 55. Kg2 f3+ 56. Kg1 Kg3 57. Kh1 Nf2+ 58.
Kg1 Ng4 59. Kh1 Bd6 60. Kg1 f2+ 61. Kf1 Nh2+ 62. Ke2 f1=Q+ 63. Ke3 Bc5+ 64. Ke4 Qf4+ 65. Kd5 Qf5+ 66. Kc4 Be7 67. Kc3 Qe4 68. Kd2 Qf3 69. Kc2 Qe3 70. Kd1 Qf2 71. Kc1 Qe2 72. Kb1 Qd2 73. Ka1 Bf6+ 74. Kb1 1/2-1/2

[Event "FIDE Women World Blitz 2021"]
[Site "Warsaw"]
[Date "2021.12.30"]
[Round "11.13"]
[White "Salimova, Nurgyul"]
[Black "Dzagnidze, Nana"]
[Result "1-0"]
[ECO "D00"]
[WhiteElo "2353"]
[BlackElo "2524"]
[Annotator "ChessBase"]
[PlyCount "66"]
[EventDate "2021.12.29"]
[EventType "swiss"]
[EventCountry "POL"]
[Tiebreak "Cut1 Buchholz"]
[SourceTitle "playchess.com"]
[Source "ChessBase"]
[SourceQuality "1"]
[TimeControl "180+2"]

1. d4 Nf6 2. Nc3 d5 3. Bf4 a6 4. e3 Bf5 5. f3 e6 6. g4 Bg6 7. h4 h6 8. Bd3 Bxd3 9. Qxd3 c5 10. Nh3 Nc6 11. dxc5 Bxc5 12. O-O-O Nd7 13. g5 h5 14. g6 f6 15. e4 d4 16. Na4 b5 17. Nxc5 Nxc5 18.
Qe2 Rc8 19. Kb1 e5 20. Bc1 Qc7 21. f4 d3 22. cxd3 Nd4 23. Qg2 Nce6 24. fxe5 Qxe5 25. Rhf1 O-O 26. Be3 Rfd8 27. Rc1 Qd6 28. Rxc8 Rxc8 29. Nf4 Nxf4 30. Bxf4 Qd7 31. e5 Ne6 32. Qd2 f5 33. Bg5 Rf8 1-0

[Event "FIDE Women World Blitz 2021"]
[Site "Warsaw"]
[Date "2021.12.30"]
[Round "11.14"]
[White "Zatonskih, Anna"]
[Black "Majdan, Joanna"]
[Result "1/2-1/2"]
[ECO "B20"]
[WhiteElo "2394"]
[BlackElo "2325"]
[Annotator "NA"]
[PlyCount "98"]
[EventDate "2021.12.29"]
[EventType "swiss"]
[EventCountry "POL"]
[Tiebreak "Cut1 Buchholz"]
[SourceTitle "playchess.com"]
[Source "ChessBase"]
[SourceQuality "1"]
[TimeControl "180+2"]

1. e4 c5 2. g3 Nc6 3. Bg2 g6 4. d3 Bg7 5. f4 e6 6. Nf3 Nge7 7. c3 O-O 8. Be3 b6 9. Bf2 d5 10. e5 f6 11. exf6 Bxf6 12. O-O Qd6 13. Na3 a6 14. Re1 b5 15. Nc2 a5 16. d4 c4 17. a3 Rb8 18. Ne3 b4 19. axb4 axb4 20. Ng4 Bg7 21. h4 bxc3 22. bxc3 Rb3 23. Qc2 Nf5 24. Nge5 Qc7 25. Nd2 Rb6 26. Reb1 Nd6 27. Rxb6 Qxb6 28. Rb1 Qc7 29. Qb2 Nxe5 30. dxe5 Nf5 31. Nf3 Bd7 32. Qb7 Qd8 33. Nd4 Nxd4 34. Bxd4 Bc8 35. Qa8 Re8 36. Rb8 Qd7 37. Bh3 Bf8 38. Bg4 h5 39. Bd1 Qc7 40. Ba4 Rd8 41. Kg2 Bc5 42. Bxc5 Qxc5 43. Bd7 Qe3 44. Bxe6+ Kg7 45. Rxc8 Qe2+ 46. Kg1 Qe1+ 47. Kg2 Qe2+ 48. Kg1 Qe1+ 49. Kg2 Qe2+ 1/2-1/2

[Event "FIDE Women World Blitz 2021"]
[Site "Warsaw"]
[Date "2021.12.30"]
[Round "11.15"]
[White "Zhukova, Natalia"]
[Black "Socko, Monika"]
[Result "0-1"]
[ECO "D36"]
[WhiteElo "2331"]
[BlackElo "2393"]
[Annotator "ChessBase"]
[PlyCount "190"]
[EventDate "2021.12.29"]
[EventType "swiss"]
[EventCountry "POL"]
[Tiebreak "Cut1 Buchholz"]
[SourceTitle "playchess.com"]
[Source "ChessBase"]
[SourceQuality "1"]
[TimeControl "180+2"]

1. c4 e6 2. Nc3 d5 3. d4 Nf6 4. cxd5 exd5 5. Bg5 Be7 6. e3 O-O 7. Bd3 c6 8. Nge2 Nbd7 9. Qc2 Re8 10. O-O h6 11. Bf4 Nf8 12. h3 Ne6 13.
Bh2 Ng5 14. f4 Nge4 15. Nxe4 dxe4 16. Bc4 Bd6 17. f5 Bxh2+ 18. Kxh2 Bd7 19. g4 Nd5 20. Qb3 Qc7+ 21. Kg2 Qd6 22. Nf4 Nxf4+ 23. Rxf4 Qf6 24. Qxb7 Red8 25. Qb3 c5 26. Bd5 Rab8 27. Qc3 cxd4 28. Qxd4 Rxb2+ 29. Kg3 Qxd4 30. exd4 e3 31.
Re4 e2 32. Re1 Bb5 33. Bb3 Rd2 34. Re7 Kh8 35. d5 a5 36. a4 Ba6 37. Re3 Rb2 38. Rc3 Rd2 39. Kf2 Rb8 40. Bc2 Rb2 41. Be4 Rb4 42. Bf3 Rf4 43. Kg3 Rfd4 44. Re3 Bc4 45. Bxe2 Bxd5 46. Bf3 Bc4 47. Re5 R2d3 48. Rxa5 Bd5 49. Rf1 Bc6 50. Ra6 Bxa4 51. Ra8+ Kh7 52. h4 Rb4 53. Rf2 Bc6 54. Rc8 Bb7 55. Rc7 Rbb3 56. Rxf7 Rxf3+ 57. Rxf3 Bxf3 58. Re7 Bd5+ 59. Kf4 Rb4+ 60. Kg3 Kg8 61. g5 hxg5 62. hxg5 Rb7 63. Re5 Bc6 64. Rc5 Bd7 65. f6 g6 66. Re5 Bf5 67. Rc5 Kf7 68. Kf4 Rb4+ 69. Kf3 Bd7 70. Re5 Be6 71. Rc5 Rb3+ 72. Kf4 Rb7 73. Ke5 Bd7 74. Kd6 Bg4 75. Rc4 Rd7+ 76. Ke5 Bf3 77. Kf4 Bd5 78. Rb4 Rc7 79. Rb1 Be6 80. Rh1 Rc4+ 81. Ke3 Rg4 82. Rh7+ Kf8 83. Re7 Bf5 84. Ra7 Rxg5 85. Kf4 Rg4+ 86. Ke5 Re4+ 87. Kd5 Re1 88. Rc7 g5 89. Rg7 g4 90. Rg5 Be6+ 91. Kd6 Kf7 92. Rh5 Kxf6 93. Rh6+ Kf5 94. Rh5+ Kf4 95. Rh7 Bf5 0-1

[Event "FIDE Women World Blitz 2021"]
[Site "Warsaw"]
[Date "2021.12.30"]
[Round "11.16"]
[White "Mammadova, Gulnar"]
[Black "Balajayeva, Khanim"]
[Result "0-1"]
[ECO "C55"]
[WhiteElo "2395"]
[BlackElo "2369"]
[Annotator "NA"]
[PlyCount "68"]
[EventDate "2021.12.29"]
[EventType "swiss"]
[EventCountry "POL"]
[Tiebreak "Cut1 Buchholz"]
[SourceTitle "playchess.com"]
[Source "ChessBase"]
[SourceQuality "1"]
[TimeControl "180+2"]

1. e4 e5 2. Nf3 Nc6 3. Bc4 Nf6 4. d3 Be7 5. O-O d6 6. a4 O-O 7. Re1 Na5 8. Ba2 c5 9. c3 Nc6 10. h3 h6 11. Nbd2 Re8 12.
Nf1 Bf8 13. Ng3 Be6 14. d4 Bxa2 15. Rxa2 cxd4 16. cxd4 exd4 17. Nxd4 Nxd4 18. Qxd4 Nd7 19. Bf4 Ne5 20. Ra3 Qa5 21. Rd1 Rac8 22. Nf5 Qa6 23. Nxd6 Bxd6 24. Qxd6 Qxd6 25. Rxd6 Nc4 26. e5 Nxa3 27. bxa3 Rc4 28. Be3 Rxa4 29. Rd7 b6 30. f4 Rxa3 31. Kf2 Rc8 32. Bd4 Rc2+ 33. Kf1 Rd3 34. e6 Rd1# 0-1

[Event "FIDE Women World Blitz 2021"]
[Site "Warsaw"]
[Date "2021.12.30"]
[Round "11.17"]
[White "Girya, Olga"]
[Black "Mamedjarova, Turkan"]
[Result "1-0"]
[ECO "E15"]
[WhiteElo "2402"]
[BlackElo "2264"]
[Annotator "NA"]
[PlyCount "67"]
[EventDate "2021.12.29"]
[EventType "swiss"]
[EventCountry "POL"]
[Tiebreak "Cut1 Buchholz"]
[SourceTitle "playchess.com"]
[Source "ChessBase"]
[SourceQuality "1"]
[TimeControl "180+2"]

1. d4 Nf6 2. Nf3 e6 3. c4 b6 4. g3 Ba6 5. b3 Bb4+ 6. Bd2 Bxd2+ 7. Qxd2 O-O 8. Nc3 d5 9. cxd5 exd5 10. Bg2 Re8 11. Ne5 Bb7 12. O-O c5 13. e3 cxd4 14. Qxd4 Nbd7 15. Nxd7 Qxd7 16. Rac1 Rad8 17. Rfd1 Qf5 18. Nb5 h6 19. Qb2 Ne4 20. Rc7 Bc8 21. Rxa7 Qh5 22. Rc1 Ng5 23. Nd4 Bh3 24. Qe2 Qg6 25. Bxh3 Nxh3+ 26. Kf1 Ng5 27. Qg4 Re4 28. Qf5 Qh5 29. h4 g6 30. Qf6 Rde8 31. hxg5 Rf8 32. Kg2 Qg4 33. gxh6 Ree8 34. Qg7# 1-0

[Event "FIDE Women World Blitz 2021"]
[Site "Warsaw"]
[Date "2021.12.30"]
[Round "11.18"]
[White "Michna, Marta"]
[Black "Osmak, Yuliia"]
[Result "0-1"]
[ECO "A81"]
[WhiteElo "2312"]
[BlackElo "2198"]
[Annotator "NA"]
[PlyCount "42"]
[EventDate "2021.12.29"]
[EventType "swiss"]
[EventCountry "POL"]
[Tiebreak "Cut1 Buchholz"]
[SourceTitle "playchess.com"]
[Source "ChessBase"]
[SourceQuality "1"]
[TimeControl "180+2"]

1. d4 f5 2. g3 Nf6 3. Bg2 g6 4. Nh3 Bg7 5. c3 d6 6. Qb3 Nc6 7. Ng5 d5 8. h4 e5 9. dxe5 Nxe5 10. Bf4 Neg4 11. Nd2 h6 12. Nh3 Qe7 13. O-O c6 14. Nf3 O-O 15. Nd4 Kh7 16. a4 a5 17. Qa3 Qxa3 18. Rxa3 Re8 19. Raa1 Bd7 20. Rfe1 Rac8 21. Rad1 b6 0-1

[Event "FIDE Women World Blitz 2021"]
[Site "Warsaw"]
[Date "2021.12.30"]
[Round "11.19"]
[White "Lach, Aleksandra"]
[Black "Batsiashvili, Nino"]
[Result "1-0"]
[ECO "C28"]
[WhiteElo "2204"]
[BlackElo "2491"]
[Annotator "ChessBase"]
[PlyCount "94"]
[EventDate "2021.12.29"]
[EventType "swiss"]
[EventCountry "POL"]
[Tiebreak "Cut1 Buchholz"]
[SourceTitle "playchess.com"]
[Source "ChessBase"]
[SourceQuality "1"]
[TimeControl "180+2"]

1. e4 e5 2. Nc3 Nc6 3. Bc4 Nf6 4. d3 Na5 5. Nge2 Nxc4 6.
dxc4 Bc5 7. Be3 Bxe3 8. fxe3 d6 9. Qd3 O-O 10. O-O-O a6 11. c5 Be6 12. cxd6 cxd6 13.
Qxd6 Qa5 14. Qa3 Qxa3 15.
bxa3 Rac8 16. Kb2 Rc4 17. Rd3 Nxe4 18. Nxe4 Rxe4 19. Ng3 Rc4 20. e4 Rfc8 21. c3 Kf8 22. Rhd1 g6 23. Re3 Ke7 24. Nf1 R4c6 25. Nd2 Rd8 26. Kc2 Rcd6 27. Ree1 Bxa2 28. c4 Rd4 29. Kc3 Rc8 30. Nf3 Rdxc4+ 31. Kb2 Rc2+ 32. Ka1 f6 33. Re3 Be6 34. Ne1 R2c3 35. Red3 Rc1+ 36. Kb2 R8c4 37. Rxc1 Rxe4 38. Nf3 Re2+ 39. Rd2 Re3 40. Rc3 Re4 41. Rc7+ Ke8 42. Rxb7 h5 43. Rd6 Re2+ 44. Kc3 Bf5 45. Rxf6 Rc2+ 46. Kb3 Rxg2 47. Rxa6 Bc8 1-0

[Event "FIDE Women World Blitz 2021"]
[Site "Warsaw"]
[Date "2021.12.30"]
[Round "11.20"]
[White "Kulon, Klaudia"]
[Black "Garcia Martin, Marta"]
[Result "1-0"]
[ECO "A13"]
[WhiteElo "2328"]
[BlackElo "2194"]
[Annotator "NA"]
[PlyCount "98"]
[EventDate "2021.12.29"]
[EventType "swiss"]
[EventCountry "POL"]
[Tiebreak "Cut1 Buchholz"]
[SourceTitle "playchess.com"]
[Source "ChessBase"]
[SourceQuality "1"]
[TimeControl "180+2"]

1. c4 e6 2. g3 d5 3. Bg2 dxc4 4. Nf3 c5 5. Na3 Nc6 6. Nxc4 Nf6 7. O-O Be7 8. b3 O-O 9. Bb2 Qc7 10. Rc1 b6 11. d4 Rd8 12. e3 Bb7 13.
Qe2 cxd4 14. Nce5 d3 15. Nxd3 Rac8 16. Nfe5 Nd5 17. Qh5 Bf6 18. Nxc6 Bxc6 19. Qg4 Bxb2 20. Nxb2 Qb7 21. Qh4 Nf6 22. Bxc6 Rxc6 23. Nc4 h6 24. Ne5 Rxc1 25. Rxc1 Rc8 26. Rxc8+ Qxc8 27. Qc4 Qxc4 28. Nxc4 Kf8 29. Nd6 Nd5 30. e4 Nc3 31. a4 Ke7 32. e5 Kd7 33. Nxf7 Ne4 34. Nd6 Nc5 35. Nb5 Nxb3 36. Nxa7 Nc5 37. f4 Nxa4 38. Kf2 Nc5 39. Ke3 Kc7 40. Kd4 Kb7 41. Nb5 Kc6 42. Nd6 b5 43. Ne8 Nb3+ 44. Kc3 Nc5 45. Nxg7 Ne4+ 46. Kd4 Nf2 47. Nxe6 b4 48. Nc5 Kb5 49. e6 Kc6 1-0

[Event "FIDE Women World Blitz 2021"]
[Site "Warsaw"]
[Date "2021.12.30"]
[Round "11.21"]
[White "Garifullina, Leya"]
[Black "Atalik, Ekaterina"]
[Result "0-1"]
[ECO "C65"]
[WhiteElo "2416"]
[BlackElo "2430"]
[Annotator "NA"]
[PlyCount "70"]
[EventDate "2021.12.29"]
[EventType "swiss"]
[EventCountry "POL"]
[Tiebreak "Cut1 Buchholz"]
[SourceTitle "playchess.com"]
[Source "ChessBase"]
[SourceQuality "1"]
[TimeControl "180+2"]

1. e4 e5 2. Nf3 Nc6 3. Bb5 Nf6 4. d3 d6 5. O-O Be7 6. c3 O-O 7. Re1 Kh8 8. Nbd2 Ng4 9. h3 Nh6 10. Nf1 f5 11. Bxh6 gxh6 12. exf5 Bxf5 13. Ng3 Bg6 14. d4 exd4 15. Bxc6 bxc6 16. Nxd4 Qd7 17. Nxc6 Bf6 18. Nd4 Rab8 19. Ne6 Rfe8 20. Nf4 Rxe1+ 21. Qxe1 Rxb2 22. Nfh5 Be5 23. f4 Qc6 24. Qf1 Bd3 25. Qf3 Qxf3 26. gxf3 Bxc3 27. Rc1 Rb1 28. Rxb1 Bxb1 29. Ne4 Bd4+ 30. Kf1 Bxa2 31. Ke2 Bc4+ 32. Kd2 a5 33. Nc3 Bb3 34. Ng3 a4 35. Nf5 Bf6 0-1

[Event "FIDE Women World Blitz 2021"]
[Site "Warsaw"]
[Date "2021.12.30"]
[Round "11.22"]
[White "Kurmangaliyeva, Liya"]
[Black "Mamedjarova, Zeinab"]
[Result "0-1"]
[ECO "C41"]
[WhiteElo "2222"]
[BlackElo "2249"]
[Annotator "NA"]
[PlyCount "84"]
[EventDate "2021.12.29"]
[EventType "swiss"]
[EventCountry "POL"]
[Tiebreak "Cut1 Buchholz"]
[SourceTitle "playchess.com"]
[Source "ChessBase"]
[SourceQuality "1"]
[TimeControl "180+2"]

1. e4 e5 2. Nf3 d6 3. d4 exd4 4. Nxd4 Nf6 5. Nc3 Be7 6. g3 O-O 7. Bg2 c6 8. O-O a5 9. Re1 Na6 10. h3 Re8 11. Kh1 Bf8 12. a3 Nc5 13. Rb1 a4 14. g4 Ra5 15. g5 Nfd7 16. Bd2 Ne5 17.
Qe2 g6 18. f4 Ned7 19. Qf2 Bg7 20. Nce2 Nxe4 21. Bxe4 Rxe4 22. Bxa5 Qxa5 23. c3 Nc5 24. Ng3 Nd3 25. Qd2 Rxe1+ 26. Rxe1 Nxe1 27. Qxe1 Qd8 28. Kh2 c5 29. Nc2 Qd7 30. Qf1 h5 31. Ne3 h4 32. Ne4 Qe6 33. Qf3 Bd7 34.
Nd5 Bc6 35. c4 Bxb2 36. Qe2 Bxd5 37. cxd5 Qxd5 38. Nf2 Bg7 39. Ng4 Qe6 40. Qb5 Qe4 41. Qf1 c4 42. Qf2 c3 0-1